 Dungeon Crawl Stone Soup version 0.19.5 (webtiles) character file.

21371 isolated the Brawler (level 12, 0/95 HPs)
             Began as a Mummy Monk on Mar 16, 2017.
             Was a High Priest of Ashenzari.
             Slain by a death yak (20 damage)
             ... on level 5 of the Lair of Beasts.
             The game lasted 00:43:05 (15703 turns).

isolated the Brawler (Mummy Monk)                  Turns: 15703, Time: 00:43:06

Health: 0/95       AC: 19    Str: 23    XL:     12   Next: 53%
Magic:  12/12      EV:  8    Int:  9    God:    Ashenzari [*****.]
Gold:   717        SH:  0    Dex: 14    Spells: 0 memorised, 11 levels left

rFire  x . .     SeeInvis +       - Unarmed
rCold  + . .     Gourm    .     q - +0 plate armour
rNeg   + + +     Faith    .     (no shield)
rPois  ∞         Spirit   .     J - +2 helmet {SInv}
rElec  .         Reflect  .     (no cloak)
rCorr  .         Harm     .     K - +2 pair of gloves
MR     +....     Clarity  +     p - +0 pair of boots
Stlth  ..........               c - amulet of regeneration
                                v - +2 ring of slaying
                                j - +3 ring of strength

@: about to teleport, studying Throwing
A: no food or potions, fire vulnerability, cold resistance 1, negative energy
resistance 3, torment resistance, unbreathing
a: Curse Item, Scrying, Transfer Knowledge, Renounce Religion


You were on level 5 of the Lair of Beasts.
You worshipped Ashenzari.
Ashenzari was extremely pleased with you.
You were not hungry.

You visited 3 branches of the dungeon, and saw 16 of its levels.

You collected 717 gold pieces.

Inventory:

Hand Weapons
 u - a +4 blowgun
 B - the +3 short sword "Egiefa" {drain, rN+ Dex+10 SInv Stlth-}
   (You found it on level 6 of the Dungeon)

   A truly terrible weapon, it drains the life of those it strikes.
   It affects your dexterity (+10).
   It protects you from negative energy.
   It lets you see invisible.
   It makes you less stealthy.
Missiles
 k - 493 stones (quivered)
 x - 12 curare-tipped needles
Armour
 a - a +0 robe
 e - a +0 scale mail
 g - a +0 leather armour
 m - a +1 animal skin
 n - a +0 helmet
 p - a +0 pair of boots (worn)
 q - a +0 plate armour (worn)
 F - a +0 hat
 J - a +2 helmet of see invisible (worn)
 K - a +2 pair of gloves (worn)
Jewellery
 c - an amulet of regeneration (around neck)
 j - a +3 ring of strength (left hand)
 v - a +2 ring of slaying (right hand)
 A - an uncursed amulet of magic regeneration
 D - an uncursed amulet of guardian spirit
Wands
 d - a wand of flame (9/48)
 s - a wand of flame (23/48)
 C - a wand of teleportation (6/9)
 G - a wand of paralysis (0/24)
 H - a wand of slowing (7/48)
 L - a wand of flame (21/48)
Scrolls
 b - 4 scrolls of noise
 f - 2 scrolls of magic mapping
 i - 3 scrolls of immolation
 o - 2 scrolls of fog
 r - 7 scrolls of identify
 t - 9 scrolls of remove curse
 w - a scroll of random uselessness
 z - 2 scrolls of amnesia
 E - a scroll of holy word
 M - a scroll of vulnerability
Potions
 l - 4 potions of heal wounds {unknown}
Books
 h - a manual of Throwing
 y - Sif Muna's Compendium of the Catfish
   (You found it on level 5 of the Dungeon)

   Spells                             Type                      Level
   a - Summon Butterflies             Summoning                    1
 I - a book of Debilitation

   Spells                             Type                      Level
   a - Corona                         Hexes                        1
   b - Slow                           Hexes                        2
   c - Gell's Gravitas                Hexes/Translocation          3
   d - Inner Flame                    Hexes/Fire                   3
   e - Cause Fear                     Hexes                        4
   f - Leda's Liquefaction            Hexes/Earth                  4


   Skills:
 - Level 9.0 Fighting
 + Level 5.0 Armour
 - Level 2.4 Dodging
 - Level 1.5 Stealth
 - Level 15.0 Unarmed Combat


You had 11 spell levels left.
You didn't know any spells.

Dungeon Overview and Level Annotations

Branches:
Dungeon (10/15)            Temple (1/1) D:5            Lair (5/6) D:8
  Swamp (0/4) Lair:2        Snake (0/4) Lair:4
  Slime: Lair:5-6       Orc: D:9-12

Altars:
Ashenzari
Cheibriados
Dithmenos
Elyvilon
Fedhas
Gozag
Hepliaklqana
Kikubaaqudgha
Nemelex Xobeh
Okawaru
Qazlal
Ru
Sif Muna
Trog
Uskayaw
Vehumet
Xom
Yredelemnul
Zin
The Shining One

Annotations:
D:1 exclusion: downstairs
D:2 exclusions: downstairs and worm
D:5 exclusion: upstairs
Lair:1 Gastronok
Lair:2 exclusion: downstairs
Lair:3 Harold
Lair:4 exclusion: 2 downstairs


Innate Abilities, Weirdness & Mutations

You do not eat or drink.
Your flesh is vulnerable to fire.
You are immune to poison.
Your flesh is cold resistant. (rC+)
You are immune to negative energy. (rN+++)
You are immune to unholy pain and torment.
You can survive without breathing.


Message History

You punch the death yak!
The death yak is heavily wounded.
The death yak gores you!
You hit the death yak but do no damage.
The death yak is heavily wounded.
You pummel the death yak!!
The death yak is almost dead.
The death yak gores you but does no damage.
You barely miss the death yak.
The death yak is almost dead.
The death yak gores you!!
* * * LOW HITPOINT WARNING * * *
You punch the death yak!
The death yak is almost dead.
Evoke which item? (* to show all) (? for menu, Esc to quit)
Zapping:
C - a wand of teleportation (7/9)
Press: ? - help, Shift-Dir - straight line, f - you You feel strangely unstable.
This wand has 6 charges left.
The death yak gores you!!
You die...

### # ### ### #####.#
#####.#####.##########.##..######
#..#...#.....##.##...#....P##.#.#
................@................
.##......#..#..Y####..#.#.#.#....
.####.....###.Y####{...#.#..##...
#.###.....# #.####.#...###..###..
..#......####+{Y###.....#....##..
...........##.{.###....##....Y...
................##.#...##.....##{
..###.......#...###...YP###.####.
..##......##.#..##....Y###### ##.


You could see a death yak and a yak.

Vanquished Creatures
  2 hydras
  4 death yaks (Lair:5)
  Sonja (Lair:3)
  2 black mambas (Lair:2)
  3 elephants (Lair:5)
  7 spiny frogs
  2 rime drakes
  3 komodo dragons
  A troll (D:9)
  A polar bear (Lair:2)
  2 two-headed ogres (D:8)
  3 hippogriffs
  5 blink frogs
  A wyvern (Lair:5)
  15 yaks
  A wraith (D:10)
  Eustachio (D:7)
  The ghost of Nelagord the Charmwright, an amateur HuSk (D:3)
  Edmund (D:6)
  5 nagas (Lair:4)
  5 porcupines
  8 water moccasins
  2 ice beasts
  4 sky beasts
  2 black bears
  An eye of draining (D:9)
  2 orc warriors
  A necrophage (D:8)
  A phantom (D:6)
  2 ogres
  5 centaurs
  5 crocodiles
  8 bullfrogs
  A wyvern skeleton (D:9)
  4 scorpions
  A water moccasin skeleton (D:9)
  4 killer bees (D:9)
  6 howler monkeys
  6 crimson imps
  A quasit (D:8)
  3 centaur skeletons
  4 hounds
  3 bullfrog skeletons
  2 bullfrog zombies
  2 orc priests
  3 jellies
  11 orc wizards
  Ijyb (D:1)
  Terence (D:1)
  2 iguanas
  2 worker ants (D:5)
  2 hound zombies
  A hound skeleton (D:6)
  Robin (D:1)
  10 gnolls
  9 adders
  2 shadow imps
  An ooze (D:5)
  3 adder skeletons
  An adder zombie (D:7)
  3 worms
  3 dart slugs
  3 leopard geckos
  33 orcs
  4 giant cockroaches
  17 goblins
  8 hobgoblins
  8 jackals
  5 kobolds
  4 quokkas
  A ball python (D:4)
  12 bats
  6 frilled lizards
  2 quokka zombies
  11 rats
  A fungus (D:8)
315 creatures vanquished.

Vanquished Creatures (others)
  12 fungi
  5 plants
17 creatures vanquished.

Grand Total: 332 creatures vanquished

Notes
Turn   | Place    | Note
-------+----------+-------------------------------------------
     0 | D:1      | isolated the Mummy Monk began the quest for the Orb.
     0 | D:1      | Reached XP level 1. HP: 18/18 MP: 1/1
   346 | D:1      | Reached XP level 2. HP: 20/24 MP: 2/2
   413 | D:1      | Reached skill level 3 in Unarmed Combat
   771 | D:2      | Noticed Ijyb
   773 | D:2      | Noticed Robin
   831 | D:2      | Noticed Terence
   972 | D:2      | Reached XP level 3. HP: 14/29 MP: 3/3
  1548 | D:3      | Noticed an orc warrior
  2491 | D:1      | Killed Ijyb
  2491 | D:1      | Reached skill level 4 in Unarmed Combat
  2491 | D:1      | Reached XP level 4. HP: 29/35 MP: 4/4
  2712 | D:1      | Killed Robin
  2729 | D:1      | Killed Terence
  3240 | D:3      | Reached XP level 5. HP: 19/41 MP: 5/5
  3492 | D:3      | Reached skill level 5 in Unarmed Combat
  3624 | D:3      | Noticed Nelagord's ghost (amateur HuSk)
  3659 | D:3      | Killed Nelagord's ghost
  3659 | D:3      | Reached XP level 6. HP: 40/47 MP: 6/6
  3679 | D:3      | Reached skill level 6 in Unarmed Combat
  4082 | D:3      | Found a shadowy altar of Dithmenos.
  4250 | D:4      | Found a shattered altar of Ashenzari.
  4322 | D:4      | Noticed Eustachio
  4559 | D:5      | Entered Level 5 of the Dungeon
  4723 | D:5      | Reached XP level 7. HP: 52/52 MP: 7/7
  4781 | D:5      | Found a staircase to the Ecumenical Temple.
  4799 | Temple   | Entered the Ecumenical Temple
  5056 | D:5      | Reached skill level 7 in Unarmed Combat
  5084 | D:4      | Became a worshipper of Ashenzari the Shackled
  5084 | D:4      | Reached * piety under Ashenzari
  5084 | D:4      | Reached ** piety under Ashenzari
  5138 | D:5      | Found an ancient bone altar of Kikubaaqudgha.
  5143 | D:5      | Found a deep blue altar of Sif Muna.
  5145 | D:5      | Found a radiant altar of Vehumet.
  5149 | D:5      | Identified Sif Muna's Compendium of the Catfish
  5312 | D:5      | Found an iron altar of Okawaru.
  5315 | D:5      | Found a hide-covered altar of Uskayaw.
  5318 | D:5      | Found a white marble altar of Elyvilon.
  5747 | D:6      | Reached skill level 8 in Unarmed Combat
  5817 | D:6      | Reached XP level 8. HP: 48/58 MP: 8/8
  6044 | D:6      | Noticed Edmund
  6066 | D:6      | Killed Edmund
  6174 | D:6      | Reached skill level 9 in Unarmed Combat
  6478 | D:6      | Got the short sword "Egiefa" {drain, rN+ Dex+10 SInv Stlth-}
  6480 | D:6      | Identified the +3 short sword "Egiefa" {drain, rN+ Dex+10 SInv Stlth-} (You found it on level 6 of the Dungeon)
  6893 | D:6      | Reached skill level 10 in Unarmed Combat
  6962 | D:7      | Reached XP level 9. HP: 56/64 MP: 9/9
  7097 | D:7      | Found an opulent altar of Gozag.
  7183 | D:7      | Reached skill level 1 in Armour
  7234 | D:7      | Killed Eustachio
  7581 | D:7      | Found a sacrificial altar of Ru.
  7652 | D:8      | Found a staircase to the Lair.
  7839 | D:9      | Noticed a troll
  7851 | D:8      | Reached skill level 5 in Fighting
  8393 | D:8      | Reached *** piety under Ashenzari
  9270 | D:9      | Killed a troll
  9270 | D:9      | Reached skill level 5 in Armour
  9270 | D:9      | Reached XP level 10. HP: 24/79 MP: 10/10
  9631 | D:10     | Entered Level 10 of the Dungeon
  9856 | D:10     | Noticed a hill giant
  9992 | Lair:1   | Entered Level 1 of the Lair of Beasts
  9995 | Lair:1   | Noticed a black mamba
 11163 | Lair:1   | Noticed a spiny frog
 11175 | Lair:1   | Killed a spiny frog
 11215 | Lair:1   | Reached **** piety under Ashenzari
 11386 | Lair:1   | Noticed Gastronok
 11508 | Lair:2   | Found a staircase to the Swamp.
 11536 | Lair:2   | Noticed a spiny frog
 11547 | Lair:2   | Killed a spiny frog
 11612 | Lair:2   | Reached skill level 11 in Unarmed Combat
 11699 | Lair:2   | Noticed a spiny frog
 11708 | Lair:2   | Killed a spiny frog
 11709 | Lair:2   | Found a labyrinth entrance.
 11804 | Lair:2   | Noticed a spiny frog
 11816 | Lair:2   | Killed a spiny frog
 11820 | Lair:2   | Reached XP level 11. HP: 40/89 MP: 11/11
 12357 | Lair:2   | Reached skill level 12 in Unarmed Combat
 12573 | Lair:3   | Noticed a six-headed hydra
 12650 | Lair:3   | Noticed Sonja
 12722 | Lair:3   | Killed Sonja
 12935 | Lair:3   | Killed a six-headed hydra
 12935 | Lair:3   | Reached skill level 13 in Unarmed Combat
 13140 | Lair:3   | Noticed Harold
 13811 | Lair:4   | Reached ***** piety under Ashenzari
 14204 | Lair:4   | Found a staircase to the Snake Pit.
 14489 | Lair:5   | Noticed a death yak
 14489 | Lair:5   | Noticed a death yak
 14714 | Lair:5   | Reached XP level 12. HP: 86/95 MP: 12/12
 14803 | Lair:5   | Reached skill level 14 in Unarmed Combat
 14916 | Lair:5   | Noticed an eight-headed hydra
 14924 | Lair:5   | Killed an eight-headed hydra
 14975 | Lair:5   | Noticed a death yak
 14976 | Lair:5   | Noticed a death yak
 14976 | Lair:5   | Noticed a death yak
 14976 | Lair:5   | Noticed a death yak
 14999 | Lair:5   | Killed a death yak
 15052 | Lair:5   | Killed a death yak
 15676 | Lair:5   | Killed a death yak
 15688 | Lair:5   | Killed a death yak
 15688 | Lair:5   | Reached skill level 15 in Unarmed Combat
 15703 | Lair:5   | Slain by a death yak

Skill      XL: |  1  2  3  4  5  6  7  8  9 10 11 12 |
---------------+-------------------------------------+-----
Unarmed Combat | 3 4 5 6 8 10 11 13 15 | 15.0
Armour         | 5 |  5.0
Fighting       | 7 9 |  9.0
Dodging        | |  2.4
Stealth        | |  1.5

Action                   |  1- 3 |  4- 6 |  7- 9 | 10-12 || total
-------------------------+-------+-------+-------+-------++-------
Melee: Unarmed           |   146 |   314 |   535 |   677 ||  1672
       Punch             |     1 |    10 |    17 |    31 ||    59
 Fire: Blowgun           |       |       |       |     2 ||     2
Evoke: Wand              |       |       |     9 |     3 ||    12
  Use: Scroll            |     4 |     3 |     1 |    17 ||    25
 Stab: Sleeping          |     4 |       |       |       ||     4
       Paralysed         |       |       |     8 |       ||     8
Armor: Robe              |     1 |       |       |       ||     1
       Leather armour    |    19 |       |       |       ||    19
       Scale mail        |     9 |    78 |       |       ||    87
       Plate armour      |       |   110 |   292 |   400 ||   802
Dodge: Dodged            |   121 |   171 |   143 |   187 ||   622
